 Dungeon Crawl Stone Soup version 0.28-a0-704-g4d584c6bc1 (webtiles) character file.

Game seed: 11436617801621050196

15484 gudaz the Covert (level 12, -3/47 (60) HPs)
             Began as a Spriggan Enchanter on Oct 24, 2021.
             Was an Elder of Dithmenos.
             Hit by a silver javelin thrown by a minotaur (18 damage)
             ... in a Gauntlet.
             The game lasted 00:36:44 (16992 turns).

gudaz the Covert (Spriggan Enchanter)              Turns: 16992, Time: 00:36:44

HP:   -3/47 (60)    AC:  5    Str:  8    XL:     12   Next: 1%
MP:   26/28         EV: 26    Int: 17    God:    Dithmenos [****..]
Gold: 1234          SH:  5    Dex: 16    Spells: 26/34 levels left

rFire   . . .      SeeInvis +   k - +4 dagger (venom)
rCold   . . .      Faith    .   (shield restricted)
rNeg    . . .      Spirit   .   i - +3 robe of Clouds {*Thunder rCloud rElec}
rPois   .          Reflect  +   (helmet restricted)
rElec   +          Harm     .   a - scarf {shadows}
rCorr   .          Rampage  .   (gloves unavailable)
Will    ++...      NoTele   +   (boots unavailable)
Stlth   ++++++++++              u - amulet of reflection
HPRegen 0.15/turn               e - +4 ring of evasion
MPRegen 0.21/turn               G - ring of Shadows {Umbra +Inv Stlth+}

@: wreathed by umbra, studying Air Magic, heavily drained, very quick
A: very small, no large weapons, unfitting armour, see invisible, speed 3
a: Renounce Religion, Evoke Invisibility, Shadow Step


You were in a Gauntlet.
You worshipped Dithmenos.
Dithmenos was greatly pleased with you.
You visited 2 branches of the dungeon, and saw 12 of its levels.
You also visited: Gauntlet.

You collected 1234 gold pieces.

Inventory:

Hand Weapons
 k - a +4 dagger of venom (weapon)
 p - a +2 dagger of venom
 z - a +1 dagger of holy wrath
Missiles
 j - 5 throwing nets (quivered)
 r - 6 curare-tipped darts
 y - 5 atropa-tipped darts
Armour
 a - a scarf of shadows (worn)
 i - the +3 robe of Clouds (worn) {*Thunder rCloud rElec}
   (You found it on level 5 of the Dungeon)

   It occasionally creates storm clouds above nearby enemies.
   It grants its wearer immunity to clouds.
   rElec:     It insulates you from electricity.
 t - +1 steam dragon scales
Jewellery
 e - a +4 ring of evasion (left hand)
 h - a ring of wizardry
 u - an amulet of reflection (around neck)
 v - a ring of poison resistance
 A - a ring of protection from cold
 E - a ring of resist corrosion
 G - the ring of Shadows (right hand) {Umbra +Inv Stlth+}
   (You found it in a Gauntlet)

   [ring of stealth]

   It surrounds you with an aura of shadow, increasing your stealth and reducing
   the accuracy of all within it (including the wearer).
   +Inv:      It lets you turn invisible.
   Stlth:     It makes you more stealthy.
Wands
 c - a wand of polymorph (24)
 l - a wand of iceblast (14)
 o - a wand of flame (31)
 B - a wand of charming (2)
Scrolls
 d - 2 scrolls of identify
 f - 6 scrolls of amnesia
 m - 2 scrolls of fear
 n - a scroll of blinking
 s - a scroll of teleportation
 H - a scroll of acquirement
Potions
 b - 2 potions of lignification
 g - 5 potions of attraction
 q - a potion of cancellation
 w - a potion of brilliance
 x - a potion of haste
 C - a potion of magic
 F - a potion of might
Miscellaneous
 D - a tin of tremorstones (2/2)
 I - a box of beasts


   Skills:
 + Level 5.2 Fighting
 + Level 7.1 Short Blades
 + Level 8.9 Dodging
 + Level 14.4 Stealth
 + Level 11.8 Spellcasting
 + Level 12.0 Hexes


You had 26 spell levels left.
You knew the following spells:

 Your Spells              Type           Power      Damage    Failure   Level
a - Ensorcelled Hibernat  Hex/Ice        60%        N/A       1%          2
b - Tukima's Dance        Hex            50%        N/A       1%          3
c - Dazzling Flash        Conj/Hex       60%        N/A       1%          3

Your spell library contained the following spells:

 Spells                   Type           Power      Damage    Failure   Level
 Confusing Touch          Hex            50%        N/A       1%          3
 Summon Guardian Golem    Hex/Summ       30%        N/A       1%          3
 Summon Small Mammal      Summ           40%        N/A       7%          1
 Metabolic Englaciation   Hex/Ice        15%        N/A       17%         5
 Call Canine Familiar     Summ           10%        N/A       22%         3
 Ozocubu's Armour         Ice            10%        N/A       22%         3
 Simulacrum               Ice/Necr       5%         N/A       100%        6
 Ozocubu's Refrigeration  Ice            5%         4d6       100%        7


Dungeon Overview and Level Annotations

Branches:
Dungeon (11/15)            Temple (1/1) D:6            Lair (0/6) D:10
    Orc (0/2) D:11        Gauntlet (1/1)

Altars:
Ashenzari
Cheibriados
Dithmenos
Elyvilon
Fedhas
Gozag
Kikubaaqudgha
Nemelex Xobeh
Trog
Uskayaw
Vehumet
Xom
Yredelemnul
Beogh

Shops:
D:4 [

Annotations:
D:5 3 runed translucent doors, kwasso's ghost, novice PaWn
D:6 3 runed translucent doors, paps's ghost, amateur DsGl
D:11 exclusion: door Gauntlet 8 transporters, exclusion: lightning spire


Innate Abilities, Weirdness & Mutations

You are very small and have problems with some larger weapons.
You are too small for most types of armour.
You have supernaturally acute eyesight. (SInv)
You cover ground extremely quickly. (Speed+++)


Message History

A minotaur comes into view.
It is wielding a +2 vampiric broad axe, wearing the +4 Cigotuvi's embrace {rMiasma Drain rN+} and quivering silver javelins.
Found a chain mail.
Found a gate leading back out of this place.
Casting: Ensorcelled Hibernation (safe; 1% risk of failure)
Confirm with . or Enter, or press ? or * to list all spells.
Aiming: Tukima's Dance (safe; 1% risk of failure)
Press: ? - help, Shift-Dir - straight line, f - minotaur
Aim: a minotaur, wielding a +2 vampiric broad axe, wearing the +4 Cigotuvi's embrace {rMiasma Drain rN+} and quivering silver javelins (wandering, hasn't noticed you, umbra, chance to affect: 11%)
The minotaur bellows!
The minotaur resists with almost no effort.
Unknown command.
Casting: Tukima's Dance (safe; 1% risk of failure)
Confirm with . or Enter, or press ? or * to list all spells.
Aiming: Tukima's Dance (safe; 1% risk of failure)
Press: ? - help, Shift-Dir - straight line, f/p - minotaur
Aim: a minotaur, wielding a +2 vampiric broad axe, wearing the +4 Cigotuvi's embrace {rMiasma Drain rN+} and quivering silver javelins (umbra, chance to affect: 11%)
The minotaur resists with almost no effort.
The minotaur throws a silver javelin.
The silver javelin pierces through you!!
Ouch! That really hurt!
You emit a cloud of dark smoke.
* * * LOW HITPOINT WARNING * * *
Okay, then.
Unknown command.
You start resting.
A minotaur is nearby!
There is an open door here.
You close the door.
l - a wand of iceblast (14) (gained 9 charges)
H - a scroll of acquirement You now have 1186 gold pieces (gained 16).
f - 6 scrolls of amnesia (gained 3)
You now have 1234 gold pieces (gained 48).
There is a gate leading back out of this place here.
Items here: ) [[[ }}.
Something unseen opens the door.
I - a box of beasts The minotaur throws a silver javelin.
The silver javelin pierces through you!!
You die...

..#..≈# (##..##
#©#..≈#########
###..###.##...#
.....##..##.#.# #
###..#......#.# .#
..#..#..H##.#.####'##
.x#.8#.©.##.H.##..⌠.#
.?#..#..H##.#§##@...#
#X#.∩#.©....#.H....⌠+
#[#..#...##.#.##.⌠..#
#}#.8#.©.##...###+###
..#..#...##.#.#
###..#......#.#
.....##..##.#.#
###..###.##...#
.8#..≈# #######


You could see a minotaur.

Vanquished Creatures
  A hydra (D:11)
  Harold (D:10)
  A two-headed ogre (D:11)
  A tengu warrior (D:8)
  Pikel (D:5)
  A cyclops (D:8)
  2 komodo dragons (D:10)
  2 trolls
  6 meliai
  Grinder (D:5)
  A shadow (D:10)
  Sigmund (D:2)
  A vampire (D:10)
  26 yaks
  3 steam dragons
  Eustachio (D:6)
  Grum (D:8)
  Menkaure (D:6)
  Duvessa (D:6)
  2 water moccasins (D:10)
  A black bear (D:10)
  An ice beast (D:6)
  4 orc warriors
  A hornet zombie (D:7)
  A necrophage (D:4)
  3 centaurs
  3 wolves (D:8)
  A lemure (D:5)
  3 kobold brigands
  A gnoll sergeant (D:7)
  5 bullfrogs
  3 scorpions
  Dowan (D:6)
  A water moccasin zombie (D:6)
  A wyvern skeleton (D:7)
  6 killer bees
  11 howler monkeys
  A bullfrog zombie (D:5)
  A centaur zombie (D:9)
  8 jellies
  7 orc priests
  A bullfrog skeleton (D:4)
  9 hounds
  3 iguanas
  10 orc wizards
  2 hound skeletons (D:4)
  4 howler monkey zombies
  13 gnolls
  8 adders
  2 shadow imps
  2 white imps
  4 dart slugs
  43 orcs
  6 bats
  15 endoplasms
  2 giant cockroaches
  4 goblins
  8 hobgoblins
  6 jackals
  24 kobolds
  2 quokkas
  3 ball pythons
  3 frilled lizards
  5 rats
298 creatures vanquished.

Vanquished Creatures (collateral kills)
  Edmund (D:4)
  2 orc priests (D:8)
  A gnoll shaman (D:8)
  3 gnolls
  3 orcs
  A hobgoblin (D:4)
11 creatures vanquished.

Vanquished Creatures (others)
  6 dancing weapons
  An orc wizard (D:8)
  A hobgoblin (D:1)
  A ball python (D:1)
  A bat (D:1)
  48 fungi
  62 plants
  8 toadstools (D:2)
128 creatures vanquished.

Grand Total: 437 creatures vanquished

Notes
Turn   | Place    | Note
-------+----------+-------------------------------------------
     0 | D:1      | gudaz the Spriggan Enchanter began the quest for the Orb.
     0 | D:1      | Reached XP level 1. HP: 9/9 MP: 5/5
   450 | D:1      | Reached XP level 2. HP: 13/13 MP: 7/7
   453 | D:1      | Learned a level 2 spell: Ensorcelled Hibernation
   692 | D:1      | Found a faded altar of an unknown god.
  1176 | D:1      | Reached XP level 3. HP: 16/16 MP: 9/9
  1180 | D:1      | Learned a level 3 spell: Tukima's Dance
  1184 | D:1      | Learned a level 3 spell: Dazzling Flash
  2271 | D:2      | Reached skill level 5 in Hexes
  2271 | D:2      | Reached XP level 4. HP: 10/21 MP: 6/11
  2906 | D:2      | Reached skill level 5 in Spellcasting
  2906 | D:2      | Reached XP level 5. HP: 24/24 MP: 11/13
  3178 | D:2      | Noticed Sigmund
  3433 | D:2      | Killed Sigmund
  3434 | D:2      | Reached skill level 5 in Stealth
  3434 | D:2      | Reached XP level 6. HP: 17/28 MP: 9/15
  4564 | D:3      | Found a blossoming altar of Fedhas.
  4587 | D:3      | Reached skill level 6 in Stealth
  5124 | D:3      | Found a broken altar of Ashenzari.
  5423 | D:4      | Found Zoahonwa's Antique Armour Emporium.
  5508 | D:4      | Reached XP level 7. HP: 19/32 MP: 9/17
  5808 | D:4      | Identified a scroll of acquirement
  5808 | D:4      | Acquired 615 gold pieces
  5871 | D:4      | Reached skill level 7 in Stealth
  6055 | D:4      | Noticed Edmund
  6083 | D:4      | Killed Edmund
  6220 | D:5      | Entered Level 5 of the Dungeon
  6239 | D:5      | Noticed Grinder
  6431 | D:5      | Paralysed by Grinder for 2 turns
  6451 | D:5      | Killed Grinder
  6452 | D:5      | Reached skill level 8 in Stealth
  6452 | D:5      | Reached XP level 8. HP: 18/36 MP: 18/20
  6639 | D:5      | Reached skill level 9 in Stealth
  6846 | D:5      | Found the +3 robe of Clouds {*Thunder rCloud rElec}
  6847 | D:5      | Noticed Pikel
  6852 | D:5      | Killed Pikel
  6853 | D:5      | Reached skill level 10 in Stealth
  7148 | D:5      | Found a runed translucent gate.
  7148 | D:5      | Found a runed translucent gate.
  7149 | D:5      | Found a runed translucent gate.
  7155 | D:5      | Identified the +2 short sword "Ucoodaom" {spect, Int+3}
  7155 | D:5      | Noticed kwasso's ghost (novice PaWn)
  8392 | D:6      | Noticed Menkaure
  8392 | D:6      | Found a runed translucent gate.
  8393 | D:6      | Found a runed translucent gate.
  8394 | D:6      | Found a runed translucent gate.
  8397 | D:6      | Killed Menkaure
  8398 | D:6      | Reached XP level 9. HP: 39/39 MP: 21/23
  8403 | D:6      | Identified the +2 pair of boots of Opragu Tuha {rElec Str-4
                  | Dex-3 Slay+5}
  8522 | D:6      | Noticed Eustachio
  8566 | D:6      | Killed Eustachio
  8731 | D:6      | Reached skill level 1 in Fighting
  8731 | D:6      | Reached skill level 11 in Stealth
  8880 | D:6      | Reached skill level 10 in Hexes
  9281 | D:6      | Noticed paps's ghost (amateur DsGl)
  9341 | D:6      | Found a shadowy altar of Dithmenos.
  9346 | D:6      | Found an ancient bone altar of Kikubaaqudgha.
  9349 | D:6      | Became a worshipper of Dithmenos the Shadowed
  9352 | D:6      | Found a hide-covered altar of Uskayaw.
  9360 | D:6      | Reached skill level 5 in Dodging
  9365 | D:6      | Found a shimmering altar of Xom.
  9574 | D:6      | Noticed Duvessa
  9574 | D:6      | Noticed Dowan
  9578 | D:6      | Killed Duvessa
  9585 | D:6      | Killed Dowan
  9622 | D:6      | Found a staircase to the Ecumenical Temple.
  9631 | Temple   | Entered the Ecumenical Temple
  9856 | D:7      | Reached XP level 10. HP: 47/47 MP: 24/24
 10119 | D:7      | Found a basalt altar of Yredelemnul.
 10267 | D:7      | Reached skill level 12 in Stealth
 10410 | D:7      | Reached skill level 10 in Spellcasting
 11064 | D:8      | Reached * piety under Dithmenos
 11445 | D:8      | Noticed Grum
 11454 | D:8      | Killed Grum
 11699 | D:8      | Found a snail-covered altar of Cheibriados.
 12033 | D:8      | Noticed a tengu warrior
 12042 | D:8      | Noticed a cyclops
 12126 | D:8      | Killed a tengu warrior
 12350 | D:8      | Killed a cyclops
 12360 | D:8      | Reached skill level 5 in Short Blades
 12724 | D:8      | Found a snail-covered altar of Cheibriados.
 12960 | D:9      | Found a sparkling altar of Nemelex Xobeh.
 12981 | D:9      | Reached ** piety under Dithmenos
 13613 | D:9      | Found a white marble altar of Elyvilon.
 13804 | D:9      | Reached skill level 13 in Stealth
 13804 | D:9      | Reached XP level 11. HP: 48/53 MP: 26/26
 14436 | D:10     | Entered Level 10 of the Dungeon
 14454 | D:10     | Reached *** piety under Dithmenos
 14591 | D:10     | Noticed Harold
 15123 | D:10     | Found a staircase to the Lair.
 15165 | D:10     | Killed Harold
 15680 | D:10     | Reached skill level 14 in Stealth
 16063 | D:11     | Found a staircase to the Orcish Mines.
 16210 | D:11     | Noticed a five-headed hydra
 16215 | D:11     | Killed a five-headed hydra
 16216 | D:11     | Reached skill level 5 in Fighting
 16300 | D:11     | Found an opulent altar of Gozag.
 16300 | D:11     | Noticed a two-headed ogre
 16306 | D:11     | Killed a two-headed ogre
 16341 | D:11     | Found a gate leading to a gauntlet.
 16355 | Gauntlet | Entered a Gauntlet
 16355 | Gauntlet | Found a transporter.
 16383 | Gauntlet | Noticed a tengu warrior
 16498 | Gauntlet | Found a transporter.
 16503 | Gauntlet | Noticed a necromancer
 16510 | Gauntlet | Found a transporter.
 16531 | Gauntlet | Found a transporter.
 16533 | Gauntlet | Noticed a thrashing horror
 16541 | Gauntlet | Found the ring of Shadows {Umbra +Inv Stlth+}
 16552 | Gauntlet | Found a transporter.
 16558 | Gauntlet | Noticed a thrashing horror
 16559 | Gauntlet | Found a transporter.
 16569 | Gauntlet | Found a transporter.
 16583 | Gauntlet | Found a transporter.
 16605 | Gauntlet | Found a transporter.
 16618 | Gauntlet | Found a transporter.
 16634 | Gauntlet | Found a transporter.
 16659 | Gauntlet | Found a transporter.
 16771 | Gauntlet | Found a transporter.
 16772 | Gauntlet | Found a transporter.
 16809 | Gauntlet | Reached **** piety under Dithmenos
 16820 | Gauntlet | Reached XP level 12. HP: 38/60 MP: 16/28
 16963 | Gauntlet | Noticed a minotaur
 16992 | Gauntlet | Hit by a silver javelin thrown by a minotaur

Illustrated notes

Levels and vault maps discovered:
D:1:      onia_arrival_pyramid, layout_rooms,
          dreamdust_ecumenical_altar_statues, hangedman_abyss_or_decor_stabs,
          minmay_curled_crystal, hex_tiny, lemuel_flame_loot_1
D:2:      cheibrodos_fertilizer, layout_basic, uniq_sigmund
D:3:      layout_loops_ring, fedhas_altar_1, mainiacjoe_overflow_cross_hatched
D:4:      minmay_recursive_quarters, layout_basic, serial_shops,
          kennysheep_little_box, kennysheep_generic_room_5, uniq_edmund
D:5:      layout_cave_pools, biasface_ghost_orc_armoury,
          chequers_serial_rivers_room_b, uniq_pikel, uniq_grinder
D:6:      layout_cave_pools, minitemple, temple_hall, gammafunk_ghost_icy,
          hangedman_decor_growths, uniq_eustachio, uniq_menkaure, uniq_duvessa
D:7:      layout_gridville, lemuel_zombie_altar_yredelemnul
D:8:      layout_rooms, kennysheep_slug_shrine, minmay_manual_mail, uniq_grum
D:9:      layout_loops_cross, mainiacjoe_overflow_chevrons,
          nemelex_xobeh_ov_fountains_minmay
D:10:     layout_irregular_city, due_lair_maze_entry_diamond, minivault_16,
          uniq_harold
D:11:     layout_stronghold, kennysheep_orc_monster_closet_entryway,
          gauntlet_entry_generic, nicolae_gozag_seed_capital
Temple:   minmay_temple_bridge_abc
Gauntlet: gammafunk_gauntlet_mixed_choke_point
          [minmay_gauntlet_arena_77_two_lines,
          minmay_gauntlet_arena_77_hold_the_fort, minmay_gauntlet_arena_77_mess,
          gammafunk_gauntlet_arena_hedges, minmay_gauntlet_arena_77_p_blocks,
          minmay_gauntlet_arena_77_block_sizes,
          minmay_gauntlet_arena_77_radiant_squares, gauntlet_exit_hidden_loot]

Skill      XL: |  1  2  3  4  5  6  7  8  9 10 11 |
---------------+----------------------------------+-----
Spellcasting   | 3 4 5 6 7 9 10 11 | 11.8
Hexes          | 4 5 6 7 9 10 11 12 | 12.0
Stealth        | 5 6 8 10 11 13 14 | 14.4
Dodging        | 5 7 8 |  8.9
Fighting       | 2 3 5 |  5.2
Short Blades   | 3 5 7 |  7.1

Action                   |  1- 3 |  4- 6 |  7- 9 | 10-12 || total
-------------------------+-------+-------+-------+-------++-------
Melee: Dagger            |   108 |    96 |   263 |   514 ||   981
 Cast: Ensorcelled Hiber |    24 |    49 |    24 |    45 ||   142
       Tukima's Dance    |       |     2 |     8 |    25 ||    35
       Dazzling Flash    |       |       |     6 |       ||     6
Evoke: Wand              |       |       |     1 |     4 ||     5
  Use: Scroll            |       |     5 |    10 |    10 ||    25
       Potion            |       |     1 |     2 |     3 ||     6
 Stab: Sleeping          |    23 |    34 |    23 |    30 ||   110
       Invisible         |       |       |     2 |       ||     2
       Distracted        |       |       |     1 |     5 ||     6
Armor: Robe              |    17 |     2 |    23 |    33 ||    75
Dodge: Dodged            |    88 |    67 |   214 |   396 ||   765
Block: Other             |       |       |       |    66 ||    66
       Reflection        |       |       |       |     3 ||     3

Table legend: (Time is in decaauts)
 A = Elapsed time spent in this place.
 B = Non-inter-level travel time spent in this place.
 C = Inter-level travel time spent in this place.
 D = Time resting spent in this place.
 E = Time spent auto-exploring this place.
 F = Levels seen in this place.
 G = Mean time per level.
                   A        B        C        D        E       F      G
               +--------+--------+--------+--------+--------+-----+--------+
         Total |  13562 |  13211 |    351 |   3443 |   7033 |  13 | 1043.2 |
       Dungeon |  13054 |  12710 |    344 |   3338 |   6814 |  11 | 1186.7 |
        Temple |     15 |      8 |      7 |      0 |      6 |   1 |   15.0 |
      Gauntlet |    493 |    493 |      0 |    104 |    212 |   1 |  493.0 |
               +--------+--------+--------+--------+--------+-----+--------+

Top non-repeatable levels by time:
     D:2: 2120 daAuts
     D:8: 1789 daAuts
     D:4: 1577 daAuts
    D:10: 1240 daAuts
     D:6: 1133 daAuts
     D:1: 1110 daAuts
     D:9: 1033 daAuts
     D:5: 1033 daAuts
     D:3: 985 daAuts
     D:7: 832 daAuts
Gauntlet: 493 daAuts
    D:11: 198 daAuts
  Temple: 15 daAuts
